 Dungeon Crawl Stone Soup version 0.17-a0-915-g8914353 (webtiles) character file.

137527 oplop the Impaler (level 17, -4/131 HPs)
             Began as a Merfolk Ice Elementalist on May 4, 2015.
             Was the Champion of Cheibriados.
             Slain by a merfolk impaler
             ... wielding a +2 trident of protection
              (21 damage)
             ... on level 4 of the Shoals.
             The game lasted 02:24:00 (35901 turns).

oplop the Impaler (Merfolk Ice Elementalist)       Turns: 35901, Time: 02:24:00

Health: -4/131     AC: 18    Str: 24    XL:     17   Next: 24%
Magic:  0/35       EV: 25    Int: 34    God:    Cheibriados [******]
Gold:   267        SH: 13    Dex: 33    Spells: 8 memorised, 15 levels left

rFire  x . .     SeeInvis .     S - +2 glaive (protect)
rCold  + + +     Clarity  .     u - +1 leather armour "Nizieluq" {rF+ rCorr}
rNeg   + . .     SustAb   .     (no shield)
rPois  .         Gourm    .     J - +2 hat of the Bear Spirit {Spirit, +Rage rN+ MR++}
rElec  .         Spirit   +     N - +0 cloak
rCorr  +         Warding  .     I - +0 pair of gloves
rMut   .         Stasis   .     Q - +4 pair of boots "Kudeseul" {Regen+}
MR     +++..                    (no amulet)
Stlth  +++.......               D - ring of ice
                                B - ring of ice

@: icy shield, very slow, extremely resistant to hostile enchantments, fairly
stealthy
A: change form in water, swift swim, antennae 1, agile 1, cold resistance 2
a: Bend Time, Temporal Distortion, Slouch, Step From Time, Renounce Religion,
Evoke Berserk Rage


You were on level 4 of the Shoals.
You worshipped Cheibriados.
Cheibriados was exalted by your worship.
You were not hungry.

You visited 5 branches of the dungeon, and saw 32 of its levels.
You visited 1 bazaar.
You also visited: Sewer and Ice Cave.

You collected 3340 gold pieces.
You spent 3073 gold pieces at shops.

Inventory:

Hand weapons
 b - a +0 blowgun
 S - a +2 glaive of protection (weapon)
Missiles
 e - 315 stones (quivered)
 s - 142 poisoned needles
Armour
 u - the +1 leather armour "Nizieluq" (worn) {rF+ rCorr}
   (You found it on level 11 of the Dungeon)

   It protects you from fire.
   It protects you from acid and corrosion.
 I - a +0 pair of gloves (worn)
 J - the +2 hat of the Bear Spirit (worn) {Spirit, +Rage rN+ MR++}
   (You bought it in a shop on level 4 of the Orcish Mines)

   It protects you from negative energy.
   It affects your resistance to hostile enchantments.
   It lets you go berserk.
 N - a +0 cloak (worn)
 Q - the +4 pair of boots "Kudeseul" (worn) {Regen+}
   (You bought it in a shop in a bazaar)

   It increases your rate of regeneration.
Magical staves
 A - an uncursed staff of death
Jewellery
 y - an uncursed ring of magical power
 B - a ring of ice (left hand)
 D - a ring of ice (right hand)
 E - an uncursed amulet of regeneration {unknown}
 K - an uncursed ring of sustain abilities
 U - an uncursed ring of teleport control
 W - an uncursed ring of poison resistance
Magical devices
 O - a wand of heal wounds (6)
 Z - a wand of disintegration (13)
Scrolls
 d - 7 scrolls of enchant armour
 f - 4 scrolls of immolation
 g - 6 scrolls of enchant weapon
 h - 11 scrolls of remove curse
 i - 8 scrolls of teleportation
 j - a scroll of fear
 l - 4 scrolls of recharging
 t - 7 scrolls of identify
 v - 3 scrolls of fog
 M - 2 scrolls of amnesia
 R - 3 scrolls of blinking
 Y - 4 scrolls of magic mapping
Potions
 a - a potion of cure mutation
 k - 3 potions of ambrosia
 m - 3 potions of heal wounds
 n - 5 potions of magic
 p - 4 potions of lignification
 r - 2 potions of flight
 w - 3 potions of might
 x - a potion of resistance
 z - 17 potions of curing
 F - 3 potions of cancellation
 G - 2 potions of invisibility
 P - 3 potions of brilliance
 X - 2 potions of agility
Books
 o - a book of Annihilations {highlevel}

   This book is beyond your current level of understanding.

   Spells                             Type                      Level
   a - Poison Arrow                   Conjuration/Poison           6
   b - Chain Lightning                Conjuration/Air              8
   c - Lehudib's Crystal Spear        Conjuration/Earth            8
   d - Glaciate                       Conjuration/Ice              9
   e - Fire Storm                     Conjuration/Fire             9
 H - a book of Ice

   Spells                             Type                      Level
   a - Ice Form                       Ice/Transmutation            4
   b - Metabolic Englaciation         Hexes/Ice                    5
   c - Ozocubu's Refrigeration        Ice                          6
   d - Bolt of Cold                   Conjuration/Ice              6
   e - Freezing Cloud                 Conjuration/Ice/Air          6
   f - Simulacrum                     Ice/Necromancy               6
 L - a book of the Sky

   Spells                             Type                      Level
   a - Flight                         Charms/Air                   3
   b - Airstrike                      Air                          4
   c - Silence                        Hexes/Air                    5
   d - Deflect Missiles               Charms/Air                   6
   e - Conjure Ball Lightning         Conjuration/Air              6
   f - Tornado                        Air                          9
Comestibles
 c - 18 bread rations
 q - 22 fruits
 C - 6 beef jerkies


   Skills:
 + Level 11.1 Fighting
 + Level 18.1 Polearms
 - Level 10.1 Dodging
 - Level 2.1 Stealth
 + Level 14.0 Spellcasting
 - Level 0.7 Conjurations
 - Level 9.1 Necromancy
 + Level 12.9 Ice Magic
 - Level 12.5 Invocations


You had 15 spell levels left.
You knew the following spells:

 Your Spells              Type           Power        Failure   Level  Hunger
a - Freeze                Ice            ####         0%          1    None
b - Ozocubu's Armour      Chrm/Ice       ########     1%          3    None
c - Throw Frost           Conj/Ice       ######       1%          2    None
d - Condensation Shield   Ice            ########..   1%          4    None
e - Summon Ice Beast      Ice/Summ       ########     1%          4    None
f - Throw Icicle          Conj/Ice       ########     1%          4    None
g - Excruciating Wounds   Chrm/Necr      ######....   10%         5    None
h - Ozocubu's Refrigerat  Ice            ########..   1%          6    ###....


Dungeon Overview and Level Annotations

Branches:
Dungeon (15/15)            Temple (1/1) D:5            Lair (8/8) D:11
 Shoals (4/4) Lair:5        Snake (0/4) Lair:3        Slime (0/6) Lair:6
    Orc (4/4) D:12            Elf (0/3) Orc:4        Vaults (0/5) D:14
 Depths (0/5) D:15

Altars:
Ashenzari
Cheibriados
Dithmenos
Elyvilon
Fedhas
Gozag
Kikubaaqudgha
Makhleb
Nemelex Xobeh
Okawaru
Qazlal
Ru
Sif Muna
Trog
Vehumet
Xom
Yredelemnul
Zin
The Shining One
Beogh
Jiyva

Shops:
D:13 (   D:15 [   Orc:4 (*[:[   Shoals:3 ![

Annotations:
D:3 Sigmund
D:4 Menkaure
D:7 Dowan, Duvessa
D:10 Josephine
D:12 Azrael
Shoals:2 exclusion: kraken
Shoals:3 exclusion: oklob plant
Shoals:4 exclusion: Roxanne, Ilsuiw, Roxanne


Innate Abilities, Weirdness & Mutations

You revert to your normal form in water.
You are very nimble and swift while swimming.
You have a pair of small antennae on your head.
You are agile. (Dex +2)
Your flesh is very cold resistant.


Message History

Unknown command.
You deftly slip free of the water engulfing you.
The water engulfing you falls away. You block the water elemental's attack.
The water elemental completely misses you.
Unknown command.
Your surroundings suddenly seem different.
Floosh!
Unknown command.
Unknown command.
The +4 pair of boots "Kudeseul" {Regen+} unmelds from your body.
A merfolk impaler comes into view. It is wielding a trident of protection.
The merfolk impaler shouts!
Your legs become a tail as you enter the water.
The +4 pair of boots "Kudeseul" {Regen+} melds into your body.
The +4 pair of boots "Kudeseul" {Regen+} unmelds from your body.
The merfolk impaler barely misses you.
The merfolk impaler hits you from afar with a trident of protection!!
* * * LOW HITPOINT WARNING * * *
The merfolk impaler hits you from afar with a trident of protection!!
You die...

≈≈≈≈≈≈≈≈≈≈≈≈≈≈≈≈≈≈≈≈≈≈≈≈≈
≈≈≈≈≈≈≈≈≈≈≈≈≈≈≈≈≈≈≈≈≈≈≈≈≈≈
≈≈≈≈≈≈≈≈≈≈≈≈≈≈≈≈≈≈≈≈≈≈≈≈≈≈≈
≈≈≈≈≈≈≈≈≈≈≈≈≈≈≈≈≈≈≈≈≈≈≈≈≈≈≈≈
≈≈≈≈).<..≈≈≈≈≈≈≈≈≈≈≈≈≈≈≈≈≈≈≈
≈≈≈....#.≈≈≈≈≈..≈≈≈≈≈≈≈≈≈≈≈≈
........[≈≈≈.≈≈≈≈≈≈≈≈≈≈≈≈≈≈≈≈
....##..≈≈≈≈...≈≈.≈≈≈≈≈≈≈≈≈≈≈
.#####....≈..#..@≈.≈≈≈≈≈≈≈≈≈≈
....##..≈≈≈≈..##..≈≈≈≈≈≈≈≈≈≈≈
......≈<.≈≈≈..###m≈≈≈≈≈≈≈≈≈≈≈
.......≈......###..≈≈≈≈≈≈≈≈≈≈
.......≈...)†(.≈≈≈≈≈≈≈≈≈≈≈≈≈
...÷≈.≈...##...≈≈≈≈≈≈≈≈≈≈≈≈≈
...≈≈≈...###./≈≈≈≈≈≈≈≈≈≈≈≈≈≈
...≈≈....###..≈≈≈≈≈≈≈≈≈≈≈≈≈
...≈≈....((.(..≈≈≈≈≈≈≈≈≈≈≈


You could see a merfolk impaler.

Vanquished Creatures
  Polyphemus (Shoals:4)
  Frances (D:13)
  Kirke (Lair:8)
  An orc warlord (Orc:4)
  A frost giant (IceCv)
  Nessos (Lair:7)
  3 merfolk javelineers
  3 merfolk impalers (Shoals:4)
  8 hydras
  An ogre mage (D:14)
  An alligator snapping turtle (Shoals:2)
  Erica (D:9)
  2 catoblepae
  4 merfolk avatars
  2 centaur warriors (D:15)
  2 satyrs
  2 merfolk aquamancers
  9 death yaks
  2 tengu warriors
  An orc high priest (Orc:4)
  A skeletal warrior (D:15)
  5 sea snakes
  4 hill giants
  A flayed ghost (D:15)
  An ice statue (IceCv)
  Pikel (D:5)
  An ugly thing (D:13)
  4 harpies (Shoals:1)
  2 orc sorcerers (Orc:4)
  7 manticores
  5 orc knights
  9 fauns
  A cyclops (D:15)
  5 griffons
  7 sirens
  A wizard (Lair:8)
  6 water nymphs
  3 drowned souls
  5 centaur zombies
  2 elephants (Lair:4)
  14 spiny frogs
  5 black mambas
  4 centaur skeletons
  4 fire drakes
  A kobold demonologist (D:13)
  9 komodo dragons
  5 two-headed ogres
  A blue devil (Lair:8)
  23 merfolk
  3 wind drakes
  A tengu conjurer (D:13)
  A wind drake (shapeshifter) (D:14)
  6 ravens
  17 polar bears (IceCv)
  8 trolls
  6 snapping turtles
  5 slime creatures
  6 blink frogs
  2 boulder beetles (Lair:8)
  A trapdoor spider zombie (D:14)
  2 shadows
  13 water elementals
  64 yaks
  3 hogs (Lair:8)
  4 wyverns
  4 basilisks
  A deep elf mage (D:13)
  A trapdoor spider (D:10)
  8 vampire mosquitoes
  A wraith (D:13)
  A fire elemental (D:12)
  14 hippogriffs
  40 wolves
  9 porcupines
  13 wargs
  13 water moccasins
  4 nagas (Lair:3)
  A slave (D:5)
  A soldier ant (D:13)
  5 ogres
  4 wasps
  37 orc warriors
  6 ice beasts
  2 hell hounds
  3 black bears
  16 crocodiles
  4 sky beasts
  2 phantoms
  5 centaurs
  7 big kobolds
  20 giant frogs
  A wyvern zombie (D:14)
  11 scorpions
  A water moccasin skeleton (D:6)
  8 killer bees
  9 wights
  3 quasits
  An electric eel (Lair:1)
  7 crimson imps
  6 jellies
  32 orc wizards
  14 orc priests
  2 giant frog skeletons
  8 iguanas
  6 hounds
  11 worker ants
  19 sheep
  2 hound skeletons
  2 worker ant zombies
  15 adders
  2 shadow imps
  60 river rats
  2 oozes
  An adder skeleton (D:6)
  An adder zombie (D:6)
  3 worms
  7 giant geckos
  152 orcs
  5 ball pythons (Sewer)
  2 bat skeletons
  7 giant cockroaches
  22 goblins
  32 hobgoblins
  44 kobolds
  4 quokkas
  14 bats
  A giant gecko skeleton (D:6)
  A giant gecko zombie (D:8)
  2 giant newts (D:1)
  6 jackals
  A quokka skeleton (D:9)
  13 rats
  4 fungi
  A plant (Shoals:1)
1093 creatures vanquished.

Vanquished Creatures (collateral kills)
  The ghost of Pnognoglozu the Corrupter of Planes, a powerful DsAK of Lugonu (Lair:7)
  4 merfolk impalers (Shoals:4)
  A merfolk javelineer (Shoals:4)
  2 hydras
  A merfolk avatar (Shoals:4)
  A merfolk aquamancer (Shoals:4)
  2 death yaks
  A sea snake (Shoals:4)
  An unseen horror (D:14)
  A water nymph (Shoals:4)
  2 ugly things
  A manticore (Shoals:4)
  A cyclops (D:11)
  2 elephants
  A komodo dragon (Lair:8)
  3 trolls
  5 merfolk
  3 polar bears (IceCv)
  4 blink frogs
  6 slime creatures
  A water elemental (Shoals:3)
  10 yaks
  2 hogs (Lair:8)
  3 basilisks
  5 hippogriffs
  A naga (Lair:3)
  9 wargs (D:14)
  A water moccasin (Lair:8)
  3 wolves
  A sky beast (D:15)
  2 ice beasts
  5 orc warriors
  A black bear (D:9)
  A porcupine (Lair:7)
  3 giant frogs
  A wyvern zombie (D:9)
  A wight (D:9)
  4 orc priests
  3 orc wizards
  A killer bee zombie (D:9)
  A worker ant zombie (D:6)
  2 adders
  13 river rats
  15 orcs
  A hobgoblin (D:11)
  A kobold (D:8)
  A rat (D:10)
135 creatures vanquished.

Vanquished Creatures (others)
  A hydra (Lair:8)
  27 drowned souls
  49 ice beasts
  A slave (D:8)
  A hobgoblin (D:5)
  A quokka (D:5)
  10 fungi
  9 plants
  4 tentacles (Shoals:4)
  229 tentacle segments (Shoals:4)
332 creatures vanquished.

Grand Total: 1560 creatures vanquished

Notes
Turn   | Place    | Note
--------------------------------------------------------------
     0 | D:1      | oplop, the Merfolk Ice Elementalist, began the quest for the Orb.
     0 | D:1      | Reached XP level 1. HP: 13/13 MP: 3/3
   131 | D:1      | Reached XP level 2. HP: 14/20 MP: 0/5
   452 | D:1      | Reached skill level 1 in Fighting
   669 | D:1      | Reached XP level 3. HP: 26/26 MP: 1/6
   902 | D:2      | Found a sacrificial altar of Ru.
   925 | D:1      | Reached XP level 4. HP: 9/32 MP: 1/8
  1042 | D:2      | Learned a level 3 spell: Ozocubu's Armour
  1829 | D:3      | Reached skill level 4 in Ice Magic
  2140 | D:3      | Reached XP level 5. HP: 29/38 MP: 3/9
  2148 | D:3      | Noticed Sigmund
  2488 | D:4      | Noticed Menkaure
  2711 | D:4      | You fall through a shaft for 3 floors!
  2800 | D:7      | Learned a level 2 spell: Throw Frost
  2854 | D:6      | Noticed an ice beast
  2882 | D:7      | Noticed Duvessa
  2882 | D:7      | Noticed Dowan
  2951 | D:6      | Noticed a sky beast
  2966 | D:6      | Killed a sky beast
  2966 | D:6      | Reached XP level 6. HP: 4/47 MP: 11/11
  2998 | D:6      | Reached skill level 5 in Dodging
  3260 | D:6      | Found a glowing drain.
  3291 | Sewer    | Entered a sewer
  3322 | Sewer    | Reached XP level 7. HP: 40/52 MP: 12/12
  3481 | Sewer    | Reached skill level 5 in Ice Magic
  3916 | Sewer    | Reached skill level 6 in Dodging
  4054 | D:5      | Entered Level 5 of the Dungeon
  4587 | D:4      | Learned a level 4 spell: Condensation Shield
  4741 | D:5      | Reached XP level 8. HP: 55/61 MP: 14/14
  4996 | D:5      | Found a staircase to the Ecumenical Temple.
  5024 | Temple   | Entered the Ecumenical Temple
  5126 | Temple   | Became a worshipper of Cheibriados the Contemplative
  5409 | D:5      | Reached skill level 5 in Fighting
  5698 | D:5      | Reached skill level 7 in Dodging
  5723 | D:5      | Reached skill level 5 in Spellcasting
  6092 | D:5      | Noticed Pikel
  6104 | D:5      | Killed Pikel
  6104 | D:5      | Reached skill level 8 in Dodging
  6104 | D:5      | Reached XP level 9. HP: 59/68 MP: 7/17
  6334 | D:5      | Acquired Cheibriados's first power
  6760 | D:6      | Reached skill level 1 in Invocations
  7220 | D:6      | Learned a level 4 spell: Summon Ice Beast
  7321 | D:6      | Killed an ice beast
  7331 | D:6      | Noticed a sky beast
  7341 | D:6      | Killed a sky beast
  7345 | D:6      | Gained mutation: You are covered in fur (AC +1). [mutagenic meat]
  7346 | D:6      | Gained mutation: You evolve. [mutagenic meat]
  7347 | D:6      | Gained mutation: You can spit weak poison. [mutagenic meat]
  7348 | D:6      | Lost mutation: You can spit weak poison. [mutagenic meat]
  7474 | D:6      | Reached skill level 9 in Dodging
  7523 | D:7      | Learned a level 4 spell: Throw Icicle
  7645 | D:7      | Noticed a hippogriff
  7658 | D:7      | Killed a hippogriff
  8085 | D:7      | Gained mutation: You have a pair of small antennae on your head. [evolution]
  8609 | D:8      | Acquired Cheibriados's second power
  8786 | D:8      | Reached XP level 10. HP: 38/74 MP: 5/20
  8801 | D:8      | Gained mutation: Your muscles are strong. (Str +2) [potion of mutation]
  8801 | D:8      | Gained mutation: You are occasionally teleported to nearby monsters. [potion of mutation]
  8877 | D:8      | Reached skill level 1 in Polearms
  8942 | D:8      | Reached skill level 10 in Dodging
  9376 | D:8      | Acquired Cheibriados's third power
 10296 | D:9      | Acquired Cheibriados's fourth power
 10439 | D:9      | Noticed Erica
 10449 | D:9      | Killed Erica
 10449 | D:9      | Reached skill level 5 in Polearms
 10449 | D:9      | Reached skill level 5 in Invocations
 10713 | D:10     | Entered Level 10 of the Dungeon
 10725 | D:10     | Noticed a hill giant
 10734 | D:10     | Killed a hill giant
 10747 | D:10     | Noticed Josephine
 10773 | D:10     | Got a polished flail
 10774 | D:10     | Identified the +3 flail "Fidioc" {holy, +Inv rC+ Dex+3 Stlth+} (You found it on level 10 of the Dungeon)
 11066 | D:10     | Lost mutation: Your muscles are strong. (Str +2) [evolution]
 11110 | D:10     | Reached XP level 11. HP: 73/79 MP: 22/22
 11574 | D:11     | Got a sapphire-studded leather armour
 11585 | D:11     | Identified the +1 leather armour "Nizieluq" {rF+ rCorr} (You found it on level 11 of the Dungeon)
 11696 | D:11     | Reached skill level 10 in Ice Magic
 12103 | D:11     | Noticed a hill giant
 12117 | D:11     | Killed a hill giant
 12280 | D:11     | Found a staircase to the Lair.
 12317 | D:11     | Found a glowing golden altar of the Shining One.
 12412 | D:11     | Gained mutation: You are agile. (Dex +2) [evolution]
 12537 | D:11     | Learned a level 5 spell: Excruciating Wounds
 12621 | D:12     | Found a staircase to the Orcish Mines.
 12778 | D:12     | Reached skill level 1 in Necromancy
 12975 | D:12     | Noticed a seven-headed hydra
 12987 | D:12     | Killed a seven-headed hydra
 13513 | D:12     | Noticed Azrael
 13917 | Lair:1   | Entered Level 1 of the Lair of Beasts
 13926 | Lair:1   | Reached XP level 12. HP: 86/86 MP: 23/24
 14135 | Lair:1   | Got a fine whip
 14136 | Lair:1   | Identified the +8 whip "Giantbane" {freeze, rC+ SInv} (You found it on level 1 of the Lair of Beasts)
 14511 | Lair:1   | Reached skill level 10 in Polearms
 15447 | Lair:2   | Lost mutation: You are occasionally teleported to nearby monsters. [evolution]
 16745 | Lair:3   | Reached skill level 11 in Polearms
 16753 | Lair:3   | Reached skill level 10 in Spellcasting
 16832 | Lair:3   | Reached skill level 10 in Invocations
 16907 | Lair:3   | Reached skill level 5 in Necromancy
 16915 | Lair:3   | Reached XP level 13. HP: 92/92 MP: 19/27
 17151 | Lair:3   | Found a staircase to the Snake Pit.
 17637 | Lair:4   | Found a hole to the Spider Nest.
 17637 | Lair:4   | Gained mutation: Your flesh is cold resistant. [evolution]
 18368 | Lair:5   | Found a staircase to the Shoals.
 18811 | Lair:5   | Reached skill level 12 in Polearms
 19297 | Lair:6   | Found a viscous altar of Jiyva.
 19297 | Lair:6   | Found a staircase to the Slime Pits.
 19322 | Lair:6   | Identified a scroll of acquirement
 19923 | Lair:7   | Noticed Pnognoglozu's ghost (powerful DsAK)
 20356 | Lair:7   | Killed Pnognoglozu's ghost
 20821 | Lair:7   | Noticed Nessos
 20834 | Lair:7   | Killed Nessos
 21033 | Lair:7   | Reached skill level 13 in Polearms
 21091 | Lair:8   | Entered Level 8 of the Lair of Beasts
 21268 | Lair:7   | Reached XP level 14. HP: 38/98 MP: 1/29
 21544 | Lair:8   | Lost mutation: You are covered in fur (AC +1). [evolution]
 21882 | Lair:8   | Noticed Kirke
 21890 | Lair:8   | Killed Kirke
 22320 | Lair:8   | Reached skill level 14 in Polearms
 22849 | Lair:8   | Found a burning altar of Makhleb.
 23051 | D:12     | Noticed a six-headed hydra
 23545 | D:13     | Noticed Frances
 23959 | D:13     | Found Gianguow's Antique Weapon Emporium.
 24161 | Orc:1    | Entered Level 1 of the Orcish Mines
 25089 | Orc:3    | Found a roughly hewn altar of Beogh.
 25306 | Orc:4    | Entered Level 4 of the Orcish Mines
 25336 | Orc:4    | Found a frozen archway.
 25416 | IceCv    | Entered an ice cave
 26119 | IceCv    | Reached XP level 15. HP: 84/105 MP: 29/31
 26234 | IceCv    | Reached skill level 15 in Polearms
 26365 | IceCv    | Noticed a frost giant
 26391 | IceCv    | Killed a frost giant
 27100 | D:13     | Killed Frances
 27205 | D:12     | Killed a six-headed hydra
 28316 | D:14     | Lost mutation: You evolve. [end of evolution]
 28491 | D:14     | Found a gate to the Vaults.
 28689 | D:14     | Reached skill level 16 in Polearms
 28840 | D:15     | Entered Level 15 of the Dungeon
 28926 | D:15     | Found a staircase to the Depths.
 30416 | D:15     | Found Afass's Armour Shoppe.
 30743 | Orc:4    | Reached XP level 16. HP: 116/118 MP: 33/33
 30795 | Orc:4    | Found Innulog's Book Boutique.
 30834 | Orc:4    | Noticed an orc warlord
 30854 | Orc:4    | Killed an orc warlord
 30870 | Orc:4    | Bought a book of Hinderance for 320 gold pieces
 30870 | Orc:4    | Bought a book of Ice for 1040 gold pieces
 30877 | Orc:4    | Learned a level 6 spell: Ozocubu's Refrigeration
 30886 | Orc:4    | Found Elli's General Store.
 30906 | Orc:4    | Bought 2 scrolls of teleportation for 90 gold pieces
 30908 | Orc:4    | Found a staircase to the Elven Halls.
 30953 | Orc:4    | Found Voliedur's Antique Armour Shoppe.
 31074 | Orc:4    | Found Emupn's Antique Weapon Emporium.
 31177 | Orc:4    | Found Miezoid's Antique Armour Shoppe.
 31185 | Orc:4    | Bought the +2 hat of the Bear Spirit {Spirit, +Rage rN+ MR++} for 1113 gold pieces
 31956 | Shoals:1 | Entered Level 1 of the Shoals
 32740 | Shoals:2 | Reached skill level 17 in Polearms
 32778 | Shoals:2 | Gained mutation: Your flesh is very cold resistant. [potion of beneficial mutation]
 33108 | Shoals:2 | Noticed a kraken
 33493 | Shoals:3 | Found Ylaeps's Distillery.
 33549 | Shoals:3 | Found Buuxea's Armour Shoppe.
 33598 | Shoals:3 | Found a flickering gateway to a bazaar.
 33604 | Bazaar   | Entered a bazaar
 33604 | Bazaar   | Found Etotob's Antique Weapon Shoppe.
 33604 | Bazaar   | Found Ceemy's Armour Shoppe.
 33604 | Bazaar   | Found Bunog's Weapon Emporium.
 33610 | Bazaar   | Found Bosku Jyug's Antique Weapon Emporium.
 33622 | Bazaar   | Bought the +4 pair of boots "Kudeseul" {Regen+} for 378 gold pieces
 34159 | Shoals:3 | Reached skill level 10 in Fighting
 34349 | Shoals:3 | Found a shimmering altar of Xom.
 34442 | Shoals:3 | Bought 2 potions of curing for 66 gold pieces
 34442 | Shoals:3 | Bought a potion of curing for 33 gold pieces
 34442 | Shoals:3 | Bought a potion of curing for 33 gold pieces
 34460 | Shoals:4 | Entered Level 4 of the Shoals
 34524 | Shoals:4 | Noticed Polyphemus
 34552 | Shoals:4 | Noticed a kraken
 34793 | Shoals:4 | Killed Polyphemus
 35077 | Shoals:4 | Reached XP level 17. HP: 96/129 MP: 9/34
 35598 | Shoals:4 | Noticed Roxanne
 35675 | Shoals:4 | Reached skill level 18 in Polearms
 35864 | Shoals:4 | Noticed Ilsuiw
 35901 | Shoals:4 | Slain by a merfolk impaler

Action                   |  1- 3 |  4- 6 |  7- 9 | 10-12 | 13-15 | 16-18 || total
-------------------------+-------+-------+-------+-------+-------+-------++-------
Melee: Unarmed           |    12 |       |       |       |       |       ||    12
       Dagger            |       |    97 |    70 |       |       |       ||   167
       Short sword       |       |       |   113 |       |       |       ||   113
       Whip              |       |       |   100 |       |       |       ||   100
       Trident           |       |       |       |   629 |       |       ||   629
       Halberd           |       |       |       |    68 |   189 |       ||   257
       Glaive            |       |       |       |       |  1450 |   657 ||  2107
 Fire: Blowgun           |       |       |     7 |       |       |       ||     7
Throw: Stone             |       |       |     1 |    10 |       |     2 ||    13
 Cast: Freeze            |    47 |    79 |   154 |   100 |     1 |     2 ||   383
       Ozocubu's Armour  |       |     4 |    19 |    50 |    83 |    25 ||   181
       Throw Frost       |       |     4 |    27 |    18 |       |       ||    49
       Condensation Shie |       |       |    17 |    61 |    80 |    27 ||   185
       Summon Ice Beast  |       |       |     6 |    42 |    71 |    26 ||   145
       Throw Icicle      |       |       |     2 |   103 |   109 |    59 ||   273
       Excruciating Woun |       |       |       |       |    11 |    12 ||    23
       Ozocubu's Refrige |       |       |       |       |       |    24 ||    24
Invok: Bend Time         |       |       |     6 |     6 |     4 |     3 ||    19
       Slouch            |       |       |       |     5 |    12 |     3 ||    20
       Step From Time    |       |       |       |       |     9 |     1 ||    10
       Temporal Distorti |       |       |       |       |     1 |     1 ||     2
Evoke: Wand              |       |       |     2 |       |       |       ||     2
  Use: Potion            |     1 |       |       |     4 |     2 |     5 ||    12
       Scroll            |       |    10 |     3 |    22 |    11 |     9 ||    55
 Stab: Sleeping          |     1 |     2 |    11 |    14 |    19 |       ||    47
       Paralysed         |       |     1 |     4 |       |       |       ||     5
       Distracted        |       |       |     2 |     7 |    19 |     8 ||    36
       Petrified         |       |       |       |       |       |     2 ||     2
       Petrifying        |       |       |       |       |       |     1 ||     1
  Eat: Chunk             |       |     6 |    10 |    12 |     3 |     2 ||    33
       Pizza             |       |     1 |     1 |       |     1 |     1 ||     4
       Royal jelly       |       |     1 |       |       |     2 |       ||     3
       Meat ration       |       |       |     2 |     1 |     4 |     2 ||     9
       Beef jerky        |       |       |       |     1 |       |       ||     1
       Bread ration      |       |       |       |     1 |       |       ||     1
